 Dungeon Crawl Stone Soup version 0.31.0-10-gcf4a605ca0 (webtiles) character file.

Game seed: 2463886715373594973

11797 hawla the Mimic (level 11, -10/53 HPs)
             Began as a Felid Shapeshifter on Jan 25, 2024.
             Shot with an arrow by a centaur (11 damage)
             ... on level 10 of the Dungeon.
             The game lasted 00:38:57 (12071 turns).

hawla the Mimic (Felid Shapeshifter)               Turns: 12071, Time: 00:38:58

Health: -10/53     AC:  2    Str: 14    XL:     11   Next: 54%
Magic:  0/18       EV: 24    Int: 20    God:
Gold:   720        SH:  0    Dex: 22    Spells: 11/12 levels left
                                        Lives:  0   Deaths: 4

rFire   . .          .
                       - Unarmed
rCold   . . .        (shield unavailable)
rNeg    . . .        (body armour unavailable)
rPois   +            (helmet unavailable)
rElec   .            (cloak unavailable)
rCorr   .            (gloves unavailable)
SInv    +            (boots unavailable)
Will    +....        a - amulet of guardian spirit
Stlth   ++++         h - +6 ring of dexterity
HPRegen 0.28/turn    l - +6 ring of intelligence
MPRegen 0.16/turn

%: guardian spirit
@: maw-form, on berserk cooldown, slowed, very slow
A: devouring maw, very small, claws 1, fangs 3, see invisible, shaggy fur 2,
stealthy paws, no weapons or thrown items, no armour, multi-lived, poison
resistance
a: Begin Untransformation


You were on level 10 of the Dungeon.
You were a creature with a mouth for a stomach.
You visited 2 branches of the dungeon, and saw 12 of its levels.
You also visited: Ossuary.

You collected 720 gold pieces.

Inventory:

Jewellery
 a - an amulet of guardian spirit (around neck)
 h - a +6 ring of dexterity (left paw)
 i - a ring of fire
 l - a +6 ring of intelligence (right paw)
 q - a ring of fire
Talismans
 b - a beast talisman
 c - a flux talisman
 m - a storm talisman
 o - a maw talisman (active)
 A - a blade talisman
Wands
 p - a wand of polymorph (14) (quivered)
 v - a wand of paralysis (4)
Scrolls
 j - a scroll of vulnerability
 r - 2 scrolls of revelation
 t - a scroll of brand weapon {unknown}
 u - 3 scrolls of immolation
 w - a scroll of fog
 x - a scroll of identify
 y - a scroll of teleportation
Potions
 d - 3 potions of berserk rage
 e - a potion of brilliance
 f - a potion of cancellation
 g - a potion of haste
 k - a potion of enlightenment
 n - a potion of might
 s - a potion of curing
 z - a potion of attraction {unknown}


   Skills:
 - Level 4.0 Fighting
 - Level 8.5 Dodging
 - Level 6.0 Stealth
 - Level 6.0 Unarmed Combat
 - Level 1.0 Spellcasting
 - Level 1.0 Translocations
 + Level 8.7 Invocations
 - Level 1.0 Evocations
 + Level 11.2 Shapeshifting


You had 11 spell levels left.
You knew the following spells:

 Your Spells              Type           Power      Damage    Failure   Level
a - Apportation           Tloc           10%        N/A       12%         1

Your spell library contained the following spells:

 Spells                   Type           Power      Damage    Failure   Level
 Necrotise                Necr           4%         1d4       17%         1
 Sandblast                Erth           2%         2d4       17%         1
 Sting                    Conj/Alch      4%         1d3       17%         1
 Summon Small Mammal      Summ           4%         N/A       17%         1
 Lesser Beckoning         Tloc           10%        N/A       17%         2
 Cigotuvi's Dreadful Rot  Necr/Alch/Air  2%         N/A       26%         2
 Ensorcelled Hibernation  Hex/Ice        2%         N/A       26%         2
 Gell's Gravitas          Tloc           5%         N/A       34%         3
 Teleport Other           Tloc           5%         N/A       34%         3
 Dazzling Flash           Conj/Hex       2%         N/A       45%         3
 Fugue of the Fallen      Necr           1%         N/A       45%         3
 Mephitic Cloud           Conj/Alch/Air  1%         N/A       45%         3
 Ozocubu's Armour         Ice            1%         N/A       45%         3
 Passwall                 Erth           1%         N/A       45%         3
 Stone Arrow              Conj/Erth      2%         3d7       45%         3
 Swiftness                Air            1%         N/A       45%         3
 Manifold Assault         Tloc           5%         N/A       75%         4
 Brom's Barrelling Bould  Conj/Erth      1%         2d3       86%         4
 Dispel Undead            Necr           1%         3d6       86%         4
 Martyr's Knell           Necr/Summ      1%         N/A       86%         4
 Summon Lightning Spire   Summ/Air       1%         N/A       86%         4
 Alistair's Intoxication  Alch           0%         N/A       99%         5
 Borgnjor's Vile Clutch   Necr/Erth      0%         N/A       99%         5
 Curse of Agony           Necr           1%         N/A       99%         5
 Lee's Rapid Deconstruct  Erth           0%         3d4*      99%         5
 Silence                  Hex/Air        0%         N/A       99%         5
 Death Channel            Necr           0%         N/A       100%        6
 Eringya's Noxious Bog    Alch           0%         4d6       100%        6
 Animate Armour           Summ/Erth      Unusable   N/A       N/A         4

Dungeon Overview and Level Annotations

Branches:
Dungeon (11/15)            Temple (1/1) D:7            Lair (0/5) D:9
Ossuary (visited)
    Orc: D:9-12

Altars:
Ashenzari
Dithmenos
Elyvilon
Fedhas
Gozag
Hepliaklqana
Kikubaaqudgha
Okawaru
Qazlal
Ru
Sif Muna
Trog
Uskayaw
Vehumet
Wu Jian
Xom
Yredelemnul
Zin
The Shining One


Innate Abilities, Weirdness & Mutations

You are a creature with a mouth for a stomach.
Your midsection houses a second, enormous mouth.
You have sharp claws.
You have razor-sharp teeth.
You have supernaturally acute eyesight. (SInv)
You are covered in thick fur. (AC +2)
Your paws help you pounce on unaware monsters.
You are incapable of wielding weapons or throwing items.
You cannot wear armour.
You gain extra lives every three experience levels.
Your system is resistant to poisons. (rPois)


Message History

The manticore closely misses you. The manticore misses you.
The manticore completely misses you. The orc completely misses you.
You claw the manticore! You bite the manticore.
The manticore is heavily wounded.
The manticore completely misses you. The manticore closely misses you. x2
The orc misses you.
You scratch the manticore. You bite the manticore.
Your bite misses the manticore.
The manticore is almost dead.
You claw the manticore!
The manticore is almost dead.
The orc completely misses you. The manticore barely misses you. x2
The manticore closely misses you.
You claw the manticore!
You kill the manticore!
The orc barely misses you.
You barely miss the orc. You bite the orc.
You devour a chunk of the orc!
You feel better.
You kill the orc!
You start resting.
You feel a strong urge to attack something.
You start resting.
You are no longer berserk.
You are exhausted.
You feel yourself slow down.
Things that are here:
a +0 scale mail; a +0 mace A centaur comes into view.
Things that are here:
a +0 dagger of venom; a +0 robe
Things that are here:
a +0 scale mail; a +0 mace
Things that are here:
a +0 hand axe; a +0 trident The centaur shouts!
The centaur wields a +0 shortbow.
The centaur shoots an arrow.
The arrow hits you!
* * * LOW HITPOINT WARNING * * *
The centaur shoots an arrow.
The arrow hits you!
You die...

..# #.#
#.#######.......##### ..#
#.# #.##.................
..# #.#
##.##.###..........### ###
#.###...#.#............# #
#.....#...#.#..........###
######...###.##......).....
#..........c..#.#.....#####
## #.#####.##)..........##
.# #.# #.†>W..(..###.##
.######.# ####).....#
#.####### ........#
##...#.# #.:......
.######.#############.#
#########
.######...............#
..............#########
..#####.#####.# ..# #.# #.#
..# #.# #.#


You could see a centaur.

Vanquished Creatures
  A boulder beetle (D:7)
  Amaemon (D:9)
  Pikel (D:6)
  Maurice (D:9)
  A manticore (D:10)
  Joseph (D:8)
  2 kobold demonologists (D:10)
  Maggie (D:7)
  An orange demon (D:9)
  The ghost of gummybears the Sneak, a novice OpEE of Dithmenos (D:5)
  A troll (D:6)
  A hornet (D:10)
  A shadow (D:10)
  5 yaks
  Eustachio (D:4)
  A steam dragon (D:8)
  Menkaure (D:6)
  Grum (D:9)
  4 vampire mosquitoes (D:10)
  Edmund (D:6)
  A water moccasin (D:8)
  An ice beast (D:7)
  An orc warrior (D:10)
  A sky beast (D:9)
  An ogre (D:4)
  4 wolves
  3 centaurs
  Blork the orc (D:4)
  3 bullfrogs
  14 kobold brigands
  A gnoll sergeant (D:4)
  4 scorpions
  5 water moccasin zombies (Ossuary)
  A burial acolyte (Ossuary)
  6 wights
  12 killer bees
  5 howler monkeys
  A bombardier beetle (D:5)
  4 hounds
  A jelly (D:5)
  Crazy Yiuf (D:4)
  6 orc priests
  A gnoll bouda (D:4)
  A sleepcap (D:7)
  Jessica (D:2)
  10 orc wizards
  5 iguanas
  3 crocodile zombies (Ossuary)
  4 hound zombies (D:4)
  2 mummies (Ossuary)
  26 gnolls
  4 adders
  A shadow imp (D:7)
  4 ufetubi (D:5)
  An adder skeleton (D:4)
  4 adder zombies
  2 ribbon worms
  5 dart slugs
  42 orcs
  5 endoplasms
  3 giant cockroaches
  6 gnoll zombies (Ossuary)
  13 goblins
  8 hobgoblins
  15 jackals
  6 ball pythons
  5 bats
  8 frilled lizards
  4 jackal zombies (Ossuary)
  22 kobolds
  5 orc zombies (Ossuary)
  6 rats
327 creatures vanquished.

Notes
Turn   | Place    | Note
-------+----------+-------------------------------------------
     0 | D:1      | hawla the Felid Shapeshifter began the quest for the Orb.
     0 | D:1      | Reached XP level 1. HP: 10/10 MP: 2/2
   200 | D:1      | Reached XP level 2. HP: 14/14 MP: 3/3
   735 | D:1      | Reached XP level 3. HP: 18/18 MP: 4/4
  1308 | D:2      | Noticed Jessica
  1314 | D:2      | Killed Jessica
  1519 | D:2      | Reached XP level 4. HP: 19/23 MP: 5/5
  1519 | D:2      | Gained a life (2 lives remaining)
  2424 | D:3      | Found a shadowy altar of Dithmenos.
  2526 | D:3      | Killed from afar by an orc priest
  2526 | D:3      | Lost a life (1 life remaining)
  2669 | D:3      | Identified the +8 short sword of the Curious Ultimatums
                  | {drain, Dex+2}
  2676 | D:3      | Reached skill level 5 in Dodging
  2676 | D:3      | Reached XP level 5. HP: 26/26 MP: 6/6
  2748 | D:3      | Found a shimmering altar of Xom.
  3029 | D:4      | Noticed Eustachio
  3069 | D:4      | Found a sand-covered staircase.
  3080 | Ossuary  | Entered an ossuary
  3160 | Ossuary  | Gained mutation: You are covered in thick fur. (AC +2)
                  | [Felid growth]
  3160 | Ossuary  | Reached XP level 6. HP: 29/32 MP: 7/7
  3281 | Ossuary  | Reached skill level 3 in Shapeshifting
  3282 | Ossuary  | HP: 1/33 [crocodile zombie (4)]
  3289 | Ossuary  | Slain by a crocodile zombie
  3289 | Ossuary  | Lost a life (0 lives remaining)
  3329 | Ossuary  | Reached skill level 5 in Unarmed Combat
  3329 | Ossuary  | Reached XP level 7. HP: 37/37 MP: 8/8
  3329 | Ossuary  | Gained a life (1 life remaining)
  3361 | Ossuary  | Reached skill level 4 in Shapeshifting
  3852 | D:4      | Found a hazy altar of Hepliaklqana.
  3900 | D:4      | Noticed Blork the orc
  3936 | D:4      | Gained mutation: Your system is resistant to poisons.
                  | (rPois) [potion of mutation]
  4062 | D:4      | Reached skill level 5 in Shapeshifting
  4085 | D:4      | Killed Eustachio
  4086 | D:4      | Reached XP level 8. HP: 38/42 MP: 7/9
  4188 | D:4      | Reached skill level 6 in Shapeshifting
  4230 | D:4      | Found a runed translucent door.
  4231 | D:4      | Noticed Crazy Yiuf
  4547 | D:4      | Killed Blork the orc
  4807 | D:4      | Killed Crazy Yiuf
  4808 | D:4      | Reached skill level 7 in Shapeshifting
  4905 | D:5      | Entered Level 5 of the Dungeon
  4922 | D:4      | Reached skill level 1 in Stealth
  5478 | D:6      | Noticed Pikel
  5488 | D:6      | Killed Pikel
  5489 | D:6      | Reached skill level 5 in Stealth
  5489 | D:6      | Reached XP level 9. HP: 40/45 MP: 8/10
  5550 | D:6      | Reached skill level 1 in Evocations
  5625 | D:6      | Reached skill level 1 in Invocations
  5847 | D:6      | Found a runed translucent gate.
  6022 | D:6      | Noticed a troll
  6027 | D:6      | Killed a troll
  6090 | D:6      | Found a sacrificial altar of Ru.
  6125 | D:6      | Noticed Edmund
  6201 | D:6      | Noticed Menkaure
  6202 | D:6      | Found a runed translucent gate.
  6203 | D:6      | Noticed gummybears's ghost (novice OpEE)
  6204 | D:6      | Found a runed translucent gate.
  6208 | D:6      | Killed Menkaure
  6400 | D:6      | Killed Edmund
  6913 | D:5      | Killed gummybears's ghost
  6914 | D:5      | Reached skill level 8 in Shapeshifting
  7050 | D:5      | Reached skill level 5 in Invocations
  7220 | D:5      | Reached XP level 10. HP: 38/49 MP: 11/15
  7220 | D:5      | Gained a life (2 lives remaining)
  7415 | D:7      | Found a staircase to the Ecumenical Temple.
  7422 | Temple   | Entered the Ecumenical Temple
  7859 | D:7      | Noticed a boulder beetle
  7871 | D:7      | Killed a boulder beetle
  7872 | D:7      | Reached skill level 9 in Shapeshifting
  8103 | D:8      | Noticed Joseph
  8112 | D:8      | Killed Joseph
  8719 | D:8      | Reached skill level 10 in Shapeshifting
  8920 | D:8      | Found an ornate altar of the Wu Jian Council.
  9090 | D:9      | Found a white marble altar of Elyvilon.
  9628 | D:9      | Noticed Jeremiah
  9629 | D:9      | Jeremiah changed into Jeremiah the sky beast
  9629 | D:9      | Noticed Jeremiah
  9637 | D:9      | Killed Jeremiah the sky beast
  9759 | D:9      | Noticed Grum
  9767 | D:10     | Entered Level 10 of the Dungeon
  9779 | D:10     | Slain by a wolf
  9779 | D:10     | Lost a life (1 life remaining)
  9854 | D:10     | Learned a level 1 spell: Apportation
 10053 | D:9      | Killed Grum
 10054 | D:9      | Reached skill level 1 in Translocations
 10070 | D:8      | Reached skill level 1 in Spellcasting
 10070 | D:8      | Reached XP level 11. HP: 13/53 MP: 3/17
 10336 | D:9      | Noticed Amaemon
 10541 | D:7      | Noticed Maggie
 10558 | D:7      | Killed Maggie
 10559 | D:7      | Found an ancient bone altar of Kikubaaqudgha.
 10721 | D:9      | HP: 2/53 [Amaemon/+1 demon whip of venom (5)]
 10722 | D:9      | Killed Amaemon
 10927 | D:9      | Found a staircase to the Lair.
 11046 | D:9      | Noticed Maurice
 11050 | D:9      | Maurice stole a storm talisman
 11053 | D:9      | Maurice stole a ring of fire
 11060 | D:9      | Maurice stole 183 gold
 11061 | D:9      | Maurice stole 32 gold
 11064 | D:9      | Maurice stole 240 gold
 11072 | D:9      | Killed Maurice
 11178 | D:10     | Paralysed by a hornet for 2 turns
 11181 | D:10     | HP: 1/53 [hornet (10)]
 11184 | D:10     | Slain by a hornet
 11184 | D:10     | Lost a life (0 lives remaining)
 11185 | D:10     | Found a shimmering blue altar of Sif Muna.
 11317 | D:10     | Found an opulent altar of Gozag.
 11318 | D:10     | Found a glowing silver altar of Zin.
 11346 | D:10     | Reached skill level 11 in Shapeshifting
 12056 | D:10     | HP: 1/79 [manticore (4)]
 12071 | D:10     | HP: 1/53 [centaur/arrow (5)]
 12071 | D:10     | Shot with an arrow by a centaur

Illustrated notes

Levels and vault maps discovered:
D:1:      sevenhm_arrival_forest_fort_small_6, layout_loops_corners,
          serial_aquarium, aquarium_bridge_square [aquarium_subvault_balcony,
          aquarium_subvault_bridge, aquarium_subvault_window,
          aquarium_subvault_wall], aquarium_bridge_long_joined
          [aquarium_subvault_wall, aquarium_subvault_wall,
          aquarium_subvault_bridge, aquarium_subvault_bridge,
          aquarium_subvault_bridge, aquarium_subvault_bridge],
          aquarium_window_fake, aquarium_window_2, aquarium_window_corridor_3,
          aquarium_window_corner, aquarium_view_2g, aquarium_view_2e,
          minmay_lizard_king
D:2:      kennysheep_the_goblin_king, layout_loops_ring, uniq_jessica
D:3:      layout_loops_ring, mainiacjoe_overflow_surrounded_room,
          lemuel_coloured_pillars_altar, kennysheep_generic_room_7
D:4:      lemuel_castle_with_subvaults [lemuel_castle_interior_carwin_1],
          layout_rooms, nicolae_hepliaklqana_hippocampus,
          mainiacjoe_ossuary_entry_find_the_door, serial_park_tiny_2,
          uniq_blork_the_orc, uniq_eustachio, uniq_crazy_yiuf_cottage
D:5:      layout_gridville, serial_glass, glass_columns_a, glass_columns_a
D:6:      layout_layer_cave, nicolae_ru_awakened_eye,
          gammafunk_ghost_nasty_kobolds, uniq_edmund, uniq_menkaure, uniq_pikel
D:7:      cheibrodos_two_vegetables, layout_rooms, kiku_gazebo_garden_becter,
          temple_green, uniq_maggie
D:8:      layout_basic, nicolae_wu_jian_immortal_techniques, st_stairs_11,
          kennysheep_cross_room, uniq_joseph
D:9:      layout_rooms, nicolae_overflow_hidden_temple, lair_entry_dummy,
          uniq_maurice, uniq_grum, uniq_amaemon, uniq_jeremiah
D:10:     layout_loops_ring, grunt_temple_overflow_gold_and_silver,
          nicolae_sif_muna_condensation
D:11:     layout_stronghold, david_orc_3
Temple:   kb_temple_of_zot

Skill      XL: |  1  2  3  4  5  6  7  8  9 10 11 |
---------------+----------------------------------+-----
Dodging        | 3 4 5 6 8 |  8.5
Fighting       | 2 3 4 |  4.0
Unarmed Combat | 4 5 6 |  6.0
Shapeshifting  | 3 5 7 8 10 11 | 11.2
Stealth        | 5 6 |  6.0
Evocations     | 1 |  1.0
Invocations    | 5 6 8 |  8.7
Translocations | 1 |  1.0
Spellcasting   | 1 |  1.0

Action                     |  1- 3 |  4- 6 |  7- 9 | 10-12 || total
---------------------------+-------+-------+-------+-------++-------
  Melee: Unarmed           |    76 |   241 |   474 |   481 ||  1272
         Bite              |     3 |    27 |    53 |    67 ||   150
         Punch             |       |     8 |     7 |    11 ||    26
         Maw               |       |       |       |   106 ||   106
  Evoke: Wand              |       |       |     1 |    24 ||    25
    Use: Potion            |     1 |     4 |     4 |     6 ||    15
         Scroll            |     1 |     5 |    11 |     2 ||    19
   Stab: Sleeping          |     2 |     8 |     1 |     1 ||    12
         Distracted        |     1 |       |       |     1 ||     2
         Paralysed         |       |       |     1 |     9 ||    10
 Armour: Skin              |    18 |    59 |   234 |   183 ||   494
  Dodge: Dodged            |    51 |   198 |   514 |   541 ||  1304
   Form: Flux              |       |       |     1 |       ||     1
         Maw               |       |       |       |     2 ||     2
         Blade             |       |       |       |     1 ||     1
